 Dungeon Crawl Stone Soup version 0.27-a0-385-g3208abaabc (webtiles) character file.

Game seed: 2424945070774928951

45 EnegeticOcto the Cudgeller (level 3, -2/28 HPs)
             Began as a Barachi Warper on Feb 18, 2021.
             Slain by a sky beast (6 damage)
             ... on level 2 of the Dungeon.
             The game lasted 00:02:03 (878 turns).

EnegeticOcto the Cudgeller (Barachi Warper)          Turns: 878, Time: 00:02:04

Health: -2/28      AC:  6    Str: 13    XL:     3   Next: 64%
Magic:  6/6        EV: 11    Int: 13    God:
Gold:   35         SH:  0    Dex: 11    Spells: 6/6 levels left

rFire    . . .     SeeInvis .   a - +0 mace
rCold    . . .     Faith    .   (no shield)
rNeg     . . .     Spirit   .   i - +0 ring mail
rPois    .         Reflect  .   j - +0 helmet
rElec    .         Harm     .   (no cloak)
rCorr    .         Rampage  .   (no gloves)
Will     .....                  (no boots)
Stlth    +.........             (no amulet)
HPRegen  0.09/turn              f - +4 ring of slaying
MPRegen  0.10/turn              (no ring)

@: slow
A: +LOS, swims, slowness 1, strong legs 1
a: Hop


You were on level 2 of the Dungeon.
You visited 1 branch of the dungeon, and saw 2 of its levels.

You collected 35 gold pieces.

Inventory:

Hand Weapons
 a - a +0 mace (weapon)
Missiles
 c - 3 curare-tipped darts
 e - 5 boomerangs of dispersal (quivered)
Armour
 b - a +0 leather armour
 i - a +0 ring mail (worn)
   (You found it on level 1 of the Dungeon)
 j - a +0 helmet (worn)
   (You found it on level 1 of the Dungeon)
Jewellery
 f - a +4 ring of slaying (left hand)
   (You took it off a goblin on level 1 of the Dungeon)
 k - a ring of fire
   (You found it on level 1 of the Dungeon)
Scrolls
 d - a scroll of blinking {@r4}
 m - a scroll of enchant weapon
Potions
 h - a potion of haste {@q4 !q}
 l - a potion of curing {@q1 !q}


   Skills:
 - Level 2.4 Fighting
 * Level 4.3 Maces & Flails
 - Level 1.0 Throwing
 - Level 1.2 Armour
 - Level 2.1 Dodging
 - Level 2.1 Spellcasting
 - Level 3.2 Translocations


You had 6 spell levels left.
You didn't know any spells.
Your spell library contained the following spells:

 Spells                   Type           Power        Failure   Level
 Blink                    Tloc           N/A          21%         2
 Gell's Gravitas          Tloc           4%           38%         3
 Lesser Beckoning         Tloc           4%           38%         3
 Teleport Other           Tloc           9%           38%         3
 Manifold Assault         Tloc           9%           80%         4


Dungeon Overview and Level Annotations

Branches:
Dungeon (2/15)

Altars:


Innate Abilities, Weirdness & Mutations

You can be seen from farther away. (+LOS)
You can swim through water.
You cover ground slowly.
You can hop short distances.


Message History

h - a potion of haste
As you read the scroll of identify {@r1}, it crumbles to dust.
l - a potion of curing
As you read the scroll of identify {@r1}, it crumbles to dust.
m - a scroll of enchant weapon Search for what [? for help]? .
(D) Dungeon
Where to? (? - help)
There is an abandoned shop here.
You see here a +0 club.
There is a stone staircase leading down here.
You climb downwards.
There is a stone staircase leading up here.
There is a stone staircase leading up here.
A dart slug comes into view.
The dart slug launches a dart at you. The slug dart misses you.
Found a stone staircase leading up.
A dart slug is nearby!
The dart slug bites you but does no damage.
You hit the dart slug.
The dart slug is moderately wounded.
The dart slug bites you but does no damage.
You completely miss the dart slug.
The dart slug is moderately wounded.
The dart slug completely misses you.
You completely miss the dart slug.
The dart slug is moderately wounded.
The dart slug barely misses you.
You sock the dart slug!
You kill the dart slug!
No target in view!
You see here a dart slug corpse.
A worm comes into view.
A worm is nearby!
A worm is nearby!
You sock the worm!
The worm is heavily wounded.
The worm closely misses you.
You hit the worm.
The worm is severely wounded.
The worm barely misses you.
You barely miss the worm.
The worm is severely wounded.
The worm closely misses you.
You hit the worm.
The worm is almost dead.
You hit the worm.
You kill the worm!
Your Maces & Flails skill increases to level 4!
No target in view!
No target in view!
No target in view!
No target in view!
You see here a worm corpse.
An ooze comes into view.
The ooze quivers.
An ooze is nearby!
An ooze is nearby!
An ooze is nearby!
You barely miss the ooze. The ooze closely misses you.
You sock the ooze!
The ooze is severely wounded.
The ooze hits you but does no damage.
You sock the ooze!
You kill the ooze!
No target in view!
No target in view!
No target in view!
An adder comes into view.
An adder is nearby!
An adder is nearby!
An adder is nearby!
A sky beast comes into view.
The adder closely misses you. The adder bites you but does no damage.
You hit the adder.
The adder is moderately wounded.
The adder barely misses you.
You sock the adder!
You kill the adder!
The sky beast flickers out of sight!
Deactivating autopickup; reactivate with Ctrl-A.
Something hits you but does no damage.
You see here an adder corpse.
No target in view!
No target in view!
No target in view!
No target in view!
No target in view!
No target in view!
There is a strange disturbance nearby!
You hit something. Something hits you but does no damage.
You miss something. Something hits you. Something shocks you.
You closely miss something. Something hits you. Something shocks you.
You miss something. Something hits you. Something shocks you.
* * * LOW HITPOINT WARNING * * *
Something hits you.
* * * LOW HITPOINT WARNING * * *
Something shocks you.
You die...

#########
.......#
#...######...#
##....@{....#
#....####..##
# #.##.# #
#.##.##.#
#.......#
####.#### #.##
#..# ##.#


There were no monsters in sight!

Vanquished Creatures
  An adder (D:2)
  An ooze (D:2)
  A worm (D:2)
  A dart slug (D:2)
  A leopard gecko (D:1)
  4 goblins (D:1)
  7 hobgoblins (D:1)
  3 jackals (D:1)
  3 bats (D:1)
  A rat (D:1)
23 creatures vanquished.

Notes
Turn   | Place    | Note
-------+----------+-------------------------------------------
     0 | D:1      | EnegeticOcto the Barachi Warper began the quest for the
                  | Orb.
     0 | D:1      | Reached XP level 1. HP: 17/17 MP: 3/3
    85 | D:1      | Reached XP level 2. HP: 16/23 MP: 5/5
   194 | D:1      | Reached skill level 3 in Maces & Flails
   629 | D:1      | Reached XP level 3. HP: 23/28 MP: 6/6
   842 | D:2      | Reached skill level 4 in Maces & Flails
   870 | D:2      | Noticed a sky beast
   878 | D:2      | Slain by a sky beast

Illustrated notes

Levels and vault maps discovered:
D:1:      amcnicky_arrival_abandoned_market, layout_basic
D:2:      layout_loops_cross, minmay_pentomino_s4

Skill      XL: |  1  2  3 |
---------------+----------+-----
Maces & Flails | 3 4 |  4.3
Fighting       | |  2.4
Throwing       | |  1.0
Armour         | |  1.2
Dodging        | |  2.1
Spellcasting   | |  2.1
Translocations | |  3.2

Action                   || total
-------------------------++-------
Melee: Mace              ||    75
  Use: Scroll            ||     3
Armor: Leather armour    ||     4
       Ring mail         ||    29
Dodge: Dodged            ||    53

Table legend: (Time is in decaauts)
 A = Elapsed time spent in this place.
 B = Non-inter-level travel time spent in this place.
 C = Inter-level travel time spent in this place.
 D = Time resting spent in this place.
 E = Time spent auto-exploring this place.
 F = Levels seen in this place.
 G = Mean time per level.
                   A        B        C        D        E       F      G
               +--------+--------+--------+--------+--------+-----+--------+
         Total |    991 |    936 |     55 |      0 |    703 |   2 |  495.5 |
       Dungeon |    991 |    936 |     55 |      0 |    703 |   2 |  495.5 |
               +--------+--------+--------+--------+--------+-----+--------+

Top non-repeatable levels by time:
     D:1: 924 daAuts
     D:2: 67 daAuts
